AoeStats
← dashuaibi

Nomad

507952902Analyzed
4v4 RM · 12d ago on Sep 20, 2026· 27m 35s· 8 players
Game mode
Random Map
Map size
231×231
Population
200
Speed
Normal
Resources
Standard
Victory
Conquest
Starting age
Dark Age
Ending age
Imperial Age
RankedLock teamsTeams togetherTeam positionsShared explorationLock speedFull tech treeHidden civsTurbo modeCheats
Victory
Defeat
🇨🇳 Mongols · China
1352
+16
🇩🇪 Wei · Germany
1344
+16
🇦🇷 Huns · Argentina
1332
+16
🇷🇺 Chinese · Russia
1304
+17
🇨🇳 Vietnamese · China
1374
-18
🇨🇳 Persians · China
1365
-17
🇨🇳 Japanese · China
1311
-15
🇨🇳 Huns · China
1311
-15
Aurelian
5:31 Loom
13:13 Feudal Age
13:48 Horse Collar
15:11 Fishing Lines
20:29 Castle Age
19:36 Forging
20:10 Scale Barding Armor
24:34 Wheelbarrow
25:12 Bloodlines
dashuaibi
4:03 Loom
15:02 Feudal Age
15:52 Fishing Lines
19:14 Castle Age
18:53 Double-Bit Axe
18:51 Horse Collar
19:10 Stone Mining
19:11 Gold Mining
21:24 Gillnets
25:49 Fletching
25:59 Padded Archer Armor
26:24 Bow Saw
27:47 Gold Shaft Mining
27:48 Stone Shaft Mining
petr.priv
3:12 Loom
13:11 Feudal Age
13:36 Double-Bit Axe
19:29 Fletching
23:09 Castle Age
23:11 Padded Archer Armor
24:44 Fishing Lines
26:39 Wheelbarrow
26:55 Gillnets
pfcarballo30
4:46 Loom
15:29 Feudal Age
17:05 Fletching
19:35 Scale Barding Armor
西巴老嘛
5:20 Loom
15:57 Feudal Age
18:43 Fletching
25:02 Double-Bit Axe
27:59 Castle Age
26:52 Horse Collar
26:58 Double-Bit Axe
1352078704
5:15 Loom
14:43 Feudal Age
19:00 Castle Age
18:08 Double-Bit Axe
21:51 Horse Collar
23:00 Forging
23:37 Wheelbarrow
27:32 Husbandry
锦水有鸳
5:00 Loom
14:01 Feudal Age
14:11 Man-at-Arms
14:59 Arson
17:07 Forging
20:29 Wheelbarrow
23:11 Castle Age
23:02 Double-Bit Axe
国际悍匪Arosy
13:58 Feudal Age
12:17 Loom
17:46 Castle Age
15:54 Stone Mining
17:44 Gold Mining
18:11 Fletching
20:21 Bodkin Arrow
21:24 Padded Archer Armor
21:55 Husbandry
Connection lost

Rejoining the realm…

Still unreachable

The connection could not be restored.

Session expired

The server has moved on; the page needs a fresh start.